 Dungeon Crawl Stone Soup version 0.28.0-1-gb440e238dd (webtiles) character file.

Game seed: 15421442605836224789

272749 mcwallace the Blocker (level 20, 0/91 HPs)
             Began as a Vine Stalker Earth Elementalist on Feb 19, 2022.
             Was the Champion of Hepliaklqana.
             Slain by a quicksilver ooze (7 damage)
             ... created by the Royal Jelly
             ... on level 5 of the Pits of Slime.
             The game lasted 05:36:10 (46645 turns).

mcwallace the Blocker (VSEE)                       Turns: 46645, Time: 05:36:10

Health: 0/91       AC: 20    Str: 19    XL:     20   Next: 27%
Magic:  0/38       EV: 22    Int: 28    God:    Hepliaklqana [******]
Gold:   4131       SH: 14    Dex: 16    Spells: 4/45 levels left

rFire   + . .      SeeInvis .   L - +4 demon whip of Extremism {vamp, rElec rF+ Str+2 Int+3, mace}
rCold   + . .      Faith    .   W - +1 kite shield {rC+}
rNeg    . . .      Spirit   +   Q - +5 ring mail "Pasaroav" {Int+4}
rPois   .          Reflect  .   w - +1 hat "Noerph" {+Blink Will+}
rElec   +          Harm     .   h - +2 cloak
rCorr   +          Rampage  .   d - +2 pair of gloves
Will    +++..                   x - +1 pair of boots
Stlth   ++........              (no amulet)
HPRegen 1.05/turn               J - ring of resist corrosion
MPRegen 0.26/turn               Y - ring of the Hare {EV+8}

@: brilliant, about to teleport, very slightly contaminated
A: reduced essence, fangs 3, regeneration 1, magic shield, antimagic bite, no
potion heal 2, agile 1, deformed body, strong 1, evolution 1
}: 2/15 runes: barnacled, gossamer
a: Renounce Religion, Evoke Blink, Recall Ancestor, Ancestor Identity,
Transference, Idealise


You were on level 5 of the Pits of Slime.
You worshipped Hepliaklqana.
Hepliaklqana was exalted by your worship.
You visited 7 branches of the dungeon, and saw 37 of its levels.
You visited the Abyss 1 time.
You also visited: Trove and Ice Cave.

You collected 5037 gold pieces.
You spent 906 gold pieces at shops.


Innate Abilities, Weirdness & Mutations

Your life essence is reduced to manifest your ancestor. (-10% HP)
You have razor-sharp teeth.
Your natural rate of healing is unusually fast.
When hurt, damage is shared between your health and your magic reserves.
Your bite disrupts and absorbs the magic of your enemies.
Potions cannot restore your health.
You are agile. (Dex +2)
Armour fits poorly on your strangely shaped body.
Your muscles are strong. (Str +2)
You have hidden genetic potential.


   Skills:
 - Level 10.0 Fighting
 + Level 12.0 Armour
 - Level 8.2 Dodging
 - Level 2.4 Stealth
 - Level 13.8 Shields
 - Level 13.1 Spellcasting
 - Level 10.4 Conjurations
 + Level 13.6 Transmutations
 - Level 12.8 Earth Magic
 - Level 8.2 Invocations
 - Level 8.9 Evocations


You had 4 spell levels left.
You knew the following spells:

 Your Spells              Type           Power      Damage    Failure   Level
a - Sandblast             Erth           100%       2d20      1%          1
b - Stone Arrow           Conj/Erth      100%       3d13      1%          3
c - Passwall              Tmut/Erth      79%        N/A       1%          2
d - Petrify               Tmut/Erth      95%        N/A       1%          4
e - Conjure Flame         Conj/Fire      63%        6-21      3%          3
f - Iron Shot             Conj/Erth      45%        9d9       11%         6
g - Poisonous Vapours     Pois/Air       54%        N/A       12%         2
h - Ice Form              Ice/Tmut       71%        N/A       4%          4
i - Lee's Rapid Deconstr  Erth           47%        3d23*     1%          5
j - Statue Form           Tmut/Erth      63%        N/A       5%          6
k - Borgnjor's Vile Clut  Necr/Erth      34%        N/A       16%         5

Your spell library contained the following spells:

 Spells                   Type           Power      Damage    Failure   Level
 Foxfire                  Conj/Fire      100%       2x1d9     1%          1
 Shock                    Conj/Air       100%       1d9       1%          1
 Sting                    Tmut/Pois      100%       1d8       1%          1
 Static Discharge         Conj/Air       63%        N/A       1%          2
 Spider Form              Tmut/Pois      71%        N/A       1%          3
 Ignite Poison            Fire/Tmut/Pois 60%        N/A       3%          3
 Leda's Liquefaction      Hex/Erth       34%        N/A       6%          4
 Freeze                   Ice            100%       1d11      9%          1
 Flame Wave               Conj/Fire      63%        2d12      10%         4
 Fulminant Prism          Conj/Hex       31%        3d16      10%         4
 Iskenderun's Mystic Bla  Conj/Tloc      63%        2d13      10%         4
 Sticky Flame             Conj/Fire      63%        2d8       10%         4
 Corpse Rot               Necr/Air       54%        N/A       12%         2
 Ensorcelled Hibernation  Hex/Ice        54%        N/A       12%         2
 Sublimation of Blood     Necr           27%        N/A       12%         2
 Call Canine Familiar     Summ           27%        N/A       24%         3
 Inner Flame              Hex/Fire       27%        N/A       24%         3
 Lesser Beckoning         Tloc           27%        N/A       24%         3
 Portal Projectile        Hex/Tloc       54%        N/A       24%         3
 Swiftness                Air            27%        N/A       24%         3
 Teleport Other           Tloc           27%        N/A       24%         3
 Tukima's Dance           Hex            27%        N/A       24%         3
 Airstrike                Air            13%        N/A       63%         4
 Anguish                  Hex/Necr       13%        N/A       63%         4
 Cause Fear               Hex            13%        N/A       63%         4
 Dispel Undead            Necr           27%        3d13      63%         4
 Olgreb's Toxic Radiance  Pois           27%        N/A       63%         4
 Passage of Golubria      Tloc           27%        N/A       63%         4
 Summon Ice Beast         Ice/Summ       27%        N/A       63%         4
 Iskenderun's Battlesphe  Conj           86%        2d13      3%          5
 Alistair's Intoxication  Tmut/Pois      47%        N/A       14%         5
 Yara's Violent Unravell  Hex/Tmut       35%        3d14      14%         5
 Fireball                 Conj/Fire      31%        3d13      26%         5
 Lightning Bolt           Conj/Air       31%        1d48      26%         5
 Dragon Form              Tmut           48%        N/A       26%         7
 Freezing Cloud           Conj/Ice/Air   27%        6-21      47%         5
 Eringya's Noxious Bog    Tmut/Pois      35%        N/A       58%         6
 Conjure Ball Lightning   Conj/Air       31%        3x3d10    83%         6
 Starburst                Conj/Fire      31%        6d10      83%         6
 Agony                    Necr           27%        N/A       92%         5
 Excruciating Wounds      Necr           13%        N/A       92%         5
 Manifold Assault         Tloc           27%        N/A       92%         5
 Metabolic Englaciation   Hex/Ice        13%        N/A       92%         5
 Silence                  Hex/Air        13%        N/A       92%         5
 Lehudib's Crystal Spear  Conj/Erth      45%        10d11     99%         8
 Simulacrum               Ice/Necr       13%        N/A       100%        6
 Discord                  Hex            13%        N/A       100%        8
 Disjunction              Tloc           13%        N/A       100%        8
 Ignition                 Fire           13%        3d6       100%        8
 Maxwell's Capacitive Co  Air            13%        ∞         100%        8
 Necromutation            Tmut/Necr      35%        N/A       100%        8
 Dragon's Call            Summ           13%        N/A       100%        9
 Polar Vortex             Ice            13%        N/A       100%        9

Inventory:

Hand Weapons
 m - a +7 spectral dagger {short}
   (You took it off a goblin on level 2 of the Dungeon)
 H - the +1 hunting sling of the Glowing Visionary {vorpal, rPois rF+ rN+ Str+8 Dex-4, sling}
   (You found it on level 1 of the Spider Nest)

   Any ammunition fired from it inflicts extra damage upon your enemies.
   Str:       It affects your strength (+8).
   Dex:       It affects your dexterity (-4).
   rF:        It protects you from fire.
   rPois:     It protects you from poison.
   rN:        It protects you from negative energy.
 L - the +4 demon whip of Extremism (weapon) {vamp, rElec rF+ Str+2 Int+3, mace}
   (You took it off a merfolk siren on level 4 of the Shoals)

   It occasionally heals its wielder for a portion of the damage dealt when it
   wounds a living foe.
   Str:       It affects your strength (+2).
   Int:       It affects your intelligence (+3).
   rF:        It protects you from fire.
   rElec:     It insulates you from electricity.
Missiles
 b - 10 curare-tipped darts {=fthrowing}
 c - 446 stones {throwing}
 V - 4 throwing nets {=f!fthrowing}
Armour
 d - a +2 pair of gloves (worn)
   (You found it on level 4 of the Lair of Beasts)
 h - a +2 cloak (worn)
   (You found it on level 1 of the Dungeon)
 w - the +1 hat "Noerph" (worn) {+Blink Will+}
   (You found it on level 1 of the Spider Nest)

   +Blink:    It lets you blink.
   Will:      It increases your willpower.
 x - a +1 pair of boots (worn)
   (You found it on level 6 of the Dungeon)
 K - the +10 chain mail "Egivy" {Drain +Inv Int+2}
   (You found it on level 15 of the Dungeon)

   Int:       It affects your intelligence (+2).
   +Inv:      It lets you turn invisible.
   Drain:     It drains your maximum health when unequipped.
 Q - the +5 ring mail "Pasaroav" (worn) {Int+4}
   (You found it on level 3 of the Shoals)

   Int:       It affects your intelligence (+4).
 W - a +1 kite shield of cold resistance (worn)
   (You found it in an ice cave)
Magical Staves
 u - a staff of earth {!astaff}
   (You found it on level 4 of the Shoals)
Jewellery
 k - a ring of wizardry
   (You found it on level 5 of the Dungeon)
 J - a ring of resist corrosion (left hand)
   (You bought it in a shop on level 2 of the Shoals)
 M - a ring of magical power
   (You found it on level 8 of the Dungeon)
 U - the ring of the Sun {Int+2 SInv}
   (You found it on level 4 of the Shoals)

   [ring of see invisible]

   Int:       It affects your intelligence (+2).
   SInv:      It lets you see invisible.
 Y - the ring of the Hare (right hand) {EV+8}
   (You found it in an ice cave)

   [ring of evasion]

   EV:        It affects your evasion (+8).
Wands
 s - a wand of iceblast (7)
   (You found it on level 5 of the Dungeon)
 z - a wand of acid (6)
   (You found it on level 6 of the Dungeon)
 B - a wand of mindburst (38)
   (You found it on level 6 of the Dungeon)
 X - a wand of digging (2)
   (You found it on level 1 of the Spider Nest)
 Z - a wand of paralysis (7)
   (You found it on level 14 of the Dungeon)
Scrolls
 e - 2 scrolls of amnesia
 i - 2 scrolls of teleportation {@r4}
 j - 4 scrolls of magic mapping {!r}
 l - 4 scrolls of enchant weapon
 q - 2 scrolls of silence {!r}
 y - 3 scrolls of vulnerability {!r!r}
 F - 2 scrolls of brand weapon
 G - 4 scrolls of fear
 P - 2 scrolls of holy word
Potions
 a - 3 potions of flight
 n - 3 potions of brilliance
 o - a potion of invisibility
 p - 4 potions of mutation {!q}
 r - 6 potions of curing {@q1}
 t - 2 potions of magic
 E - 2 potions of attraction {!q}
 I - 9 potions of ambrosia
 N - 5 potions of lignification {!q}
 O - 6 potions of might
 S - 4 potions of cancellation
 T - 2 potions of resistance
Miscellaneous
 f - a phantom mirror (inert)
   (You found it on level 13 of the Dungeon)
 D - a condenser vane (inert)
   (You found it on level 4 of the Shoals)
 R - a lightning rod (1/4)
   (You found it on level 1 of the Spider Nest)

Dungeon Overview and Level Annotations

Branches:
Dungeon (15/15)            Temple (1/1) D:4            Lair (6/6) D:8
 Shoals (4/4) Lair:4       Spider (4/4) Lair:4        Slime (5/5) Lair:5
    Orc (2/2) D:12            Elf (0/3) Orc:2        Vaults (0/5) D:13
 Depths (0/4) D:15          IceCv (visited)

Altars:
Ashenzari
Cheibriados
Dithmenos
Elyvilon
Fedhas
Gozag
Hepliaklqana
Kikubaaqudgha
Makhleb
Nemelex Xobeh
Okawaru
Qazlal
Ru
Sif Muna
Trog
Uskayaw
Vehumet
Wu Jian
Xom
Yredelemnul
Zin
The Shining One
Jiyva

Shops:
D:5 [   Orc:1 *   Orc:2 (:*?   Shoals:2 =

Annotations:
D:14 3 runed translucent doors, Agnes; Juty's ghost, journeyman MiBe
Lair:1 exclusion: oklob plant, Fannar
Shoals:1 Frances
Shoals:2 Mlioglotl
Slime:5 Royal Jelly
Orc:1 2 transporters

####............##
######................##
##.............<........#
##...............J........
#.........................
###.........................
##...........................
#............................
###...........@J..J............
#..............................
###..............................
#................................
.......................J.........
.................................
.................................
.................................
.................................


You could see 3 quicksilver oozes.


Message History

Casting: Iron Shot (dangerous; 11% risk of failure)
Confirm with . or Enter, or press ? or * to list all spells.
Aiming: Iron Shot (dangerous; 11% risk of failure)
Press: ? - help, Shift-Dir - straight line, f/p - acid blob
Aim: an acid blob (almost dead, 98% to hit)
You feel a surge of power!
The iron shot hits the acid blob!!!
You kill the acid blob!
That felt strangely unrewarding.
The quicksilver ooze completely misses you.
The quicksilver ooze hits you but does no damage. 😨 HP[+1] MP[-3]
You lost 3 mp, and now have 8/38 mp.
As you read the scroll of teleportation {@r4}, it crumbles to dust.
You feel strangely unstable.
The quicksilver ooze completely misses you.
You block the quicksilver ooze's attack. 😨 HP[+1] MP[+1]
Casting: Iron Shot (dangerous; 11% risk of failure)
Confirm with . or Enter, or press ? or * to list all spells.
Aiming: Iron Shot (dangerous; 11% risk of failure)
Press: ? - help, Shift-Dir - straight line, f - quicksilver ooze
Aim: a quicksilver ooze (63% to hit)
You feel a surge of power!
You miscast Iron Shot.
You are very lightly contaminated with residual magic.
You are caught in a violent explosion!
* * * LOW HITPOINT WARNING * * *
The quicksilver ooze closely misses you.
You block the quicksilver ooze's attack.
The quicksilver ooze hits you!
* * * LOW HITPOINT WARNING * * *
The quicksilver ooze engulfs you! The quicksilver ooze hits you!
* * * LOW HITPOINT WARNING * * *
You feel your power leaking away. 😱 HP[-24] MP[-9]
You take 24 damage, and now have 7/91 hp.
MASSIVE DAMAGE!! (PAUSE)
You lost 9 mp, and now have 0/38 mp.
Magic courses through your body.
* * * LOW HITPOINT WARNING * * *
Your lungs strain for air!
Your surroundings suddenly seem different.
A quicksilver ooze comes into view.
You gasp with relief as air once again reaches your lungs. 😱 MP[+12]
You regained 12 mp, and now have 12/38 mp.
Magic courses through your body. 😱 HP[+1] MP[+26]
Your mp is fully restored (38).
Casting: Iron Shot (dangerous; 11% risk of failure)
Confirm with . or Enter, or press ? or * to list all spells.
Okay, then.
Casting: Iron Shot (dangerous; 11% risk of failure)
Confirm with . or Enter, or press ? or * to list all spells.
Aiming: Iron Shot (dangerous; 11% risk of failure)
Press: ? - help, Shift-Dir - straight line, f - quicksilver ooze
Aim: a quicksilver ooze (wandering, hasn't noticed you, 63% to hit)
You feel a surge of power!
The iron shot misses the quicksilver ooze.
The quicksilver ooze quivers.
The quicksilver ooze hits you!
* * * LOW HITPOINT WARNING * * *
The quicksilver ooze hits you but does no damage. 😱 HP[-1] MP[-13]
You take 1 damage, and now have 7/91 hp.
You lost 13 mp, and now have 25/38 mp.
Casting: Iron Shot (dangerous; 11% risk of failure)
Confirm with . or Enter, or press ? or * to list all spells.
Aiming: Iron Shot (dangerous; 11% risk of failure)
Press: ? - help, Shift-Dir - straight line, f/p - quicksilver ooze
Aim: a quicksilver ooze (63% to hit)
You feel a surge of power!
The iron shot hits the quicksilver ooze!!
You block the quicksilver ooze's attack. x2 😱 HP[+1] MP[-2]
You lost 2 mp, and now have 23/38 mp.
Casting: Iron Shot (dangerous; 11% risk of failure)
Confirm with . or Enter, or press ? or * to list all spells.
Aiming: Iron Shot (dangerous; 11% risk of failure)
Press: ? - help, Shift-Dir - straight line, f/p - quicksilver ooze
Aim: a quicksilver ooze (severely wounded, 63% to hit)
You feel a surge of power!
You miscast Iron Shot.
Sparks fly from your hands!
* * * LOW HITPOINT WARNING * * *
The quicksilver ooze closely misses you.
The quicksilver ooze misses you.
You block the quicksilver ooze's attack.
The quicksilver ooze hits you.
* * * LOW HITPOINT WARNING * * *
You feel your power leaking away. 😱 HP[-2] MP[-22]
You take 2 damage, and now have 6/91 hp.
You lost 22 mp, and now have 1/38 mp.
As you read the scroll of teleportation {@r4}, it crumbles to dust.
You feel strangely unstable.
The quicksilver ooze quivers.
You block the quicksilver ooze's attack.
The quicksilver ooze hits you!
You die...

Skill      XL: |  1  2  3  4  5  6  7  8  9 10 11 12 13 14 15 16 17 18 19 20 |
---------------+-------------------------------------------------------------+-----
Fighting       | 1 2 3 4 5 6 7 9 10 | 10.0
Dodging        | 2 3 4 5 6 7 8 |  8.2
Transmutations | 2 8 9 10 12 13 | 13.6
Spellcasting   | 3 4 5 6 7 8 9 10 12 13 | 13.1
Earth Magic    | 4 5 6 7 8 10 12 | 12.8
Armour         | 2 3 5 7 9 11 12 | 12.0
Invocations    | 2 4 5 8 |  8.2
Conjurations   | 2 5 8 10 | 10.4
Shields        | 2 5 8 10 12 13 | 13.8
Evocations     | 2 6 8 |  8.9
Stealth        | |  2.4

Action                   |  1- 3 |  4- 6 |  7- 9 | 10-12 | 13-15 | 16-18 | 19-21 || total
-------------------------+-------+-------+-------+-------+-------+-------+-------++-------
Melee: Dagger            |    24 |    58 |    63 |   269 |   750 |   159 |       ||  1323
       Bite              |     5 |    21 |    24 |   101 |   364 |   252 |    67 ||   834
       Punch             |       |     2 |     1 |     3 |     2 |       |       ||     8
       Spear             |       |       |       |       |     4 |       |       ||     4
       Unarmed           |       |       |       |       |       |    20 |       ||    20
       Demon whip        |       |       |       |       |       |   435 |   121 ||   556
       Staff             |       |       |       |       |       |    10 |       ||    10
Throw: Dart              |       |       |       |       |     3 |       |       ||     3
 Cast: Sandblast         |    35 |    34 |    18 |    29 |    41 |    72 |   197 ||   426
       Stone Arrow       |       |       |    41 |    79 |    32 |   133 |     6 ||   291
       Petrify           |       |       |       |     9 |    27 |    12 |       ||    48
       Conjure Flame     |       |       |       |     2 |       |       |       ||     2
       Ice Form          |       |       |       |       |       |     7 |       ||     7
       Lee's Rapid Decon |       |       |       |       |       |    37 |     3 ||    40
       Iron Shot         |       |       |       |       |       |    39 |    45 ||    84
       Statue Form       |       |       |       |       |       |    33 |    29 ||    62
       Borgnjor's Vile C |       |       |       |       |       |     2 |     2 ||     4
Invok: Ancestor Life: Kn |       |       |     1 |       |       |       |       ||     1
       Recall Ancestor   |       |       |       |     5 |     7 |    13 |     5 ||    30
       Idealise          |       |       |       |     2 |     2 |     7 |     3 ||    14
       Transference      |       |       |       |       |       |     3 |     2 ||     5
 Abil: Evoke Blink       |       |       |       |       |       |     1 |     2 ||     3
       End Transformatio |       |       |       |       |       |       |     2 ||     2
Evoke: Wand              |       |       |       |     6 |       |    18 |    12 ||    36
       Condenser vane    |       |       |       |       |       |     3 |     3 ||     6
       Lightning rod     |       |       |       |       |       |     2 |     3 ||     5
       Phantom mirror    |       |       |       |       |       |       |     3 ||     3
  Use: Scroll            |       |     6 |     8 |    12 |    13 |    16 |    12 ||    67
       Potion            |       |       |       |       |     2 |     3 |     8 ||    13
 Stab: Sleeping          |     4 |     6 |       |       |       |     1 |       ||    11
       Distracted        |       |       |     1 |     2 |    13 |    10 |     3 ||    29
       Petrified         |       |       |       |     4 |    51 |    18 |       ||    73
       Paralysed         |       |       |       |       |     1 |       |       ||     1
       Petrifying        |       |       |       |       |       |     1 |       ||     1
Armor: Robe              |     6 |    10 |    14 |     2 |       |       |       ||    32
       Steam dragon scal |       |       |       |    63 |       |       |       ||    63
       Leather armour    |       |       |       |     7 |    75 |       |       ||    82
       Troll leather arm |       |       |       |       |   103 |    18 |       ||   121
       Ring mail         |       |       |       |       |       |   100 |    36 ||   136
       Skin              |       |       |       |       |       |   417 |   118 ||   535
Dodge: Dodged            |    15 |    30 |    41 |   193 |   680 |  1239 |   281 ||  2479
Block: Kite shield       |       |       |       |       |   419 |   976 |   269 ||  1664

Levels and vault maps discovered:
D:1:      dpeg_arrival_water_fire, layout_basic,
          ebering_ecumenical_altar_sacrificial
D:2:      layout_basic, basic_altar, chequers_serial_rivers_micro_c
D:3:      layout_loops_ring, minmay_liquid_box
D:4:      layout_rooms, minmay_temple_entry_gardened_gates,
          palyth_stone_intersect, uniq_edmund
D:5:      layout_basic, serial_shops, shop_statue, st_stairs_11, minivault_14,
          uniq_grinder
D:6:      layout_gridville, nemelex_dance_club_becter
D:7:      layout_basic, serial_bayou, serial_bayou_crossing,
          serial_bayou_lagoon_b, serial_bayou_pond_e, serial_bayou_pond_a,
          serial_bayou_pond_e
D:8:      layout_loops_corners, lair_entry_dummy, uniq_harold
D:9:      layout_basic, uniq_grum
D:10:     layout_irregular_city, nicolae_trove_entry_crystal, nooodl_orcs_dogs
D:11:     layout_stronghold, statue_in_the_mist_lemuel,
          nicolae_ru_great_annihilating_truth
D:12:     layout_loops_ring, orc_0_dummy, nicolae_underground_beach
D:13:     layout_layer_cave, erik_vaults_1, uniq_kirke, uniq_urug,
          uniq_josephine
D:14:     layout_basic, gammafunk_ghost_ooze, corexii_hall_statues_i
D:15:     gammafunk_depths_entry_grave, layout_cave_pools, fedhas_altar_3,
          uniq_agnes, uniq_jorgrun
Temple:   mainiacjoe_temple_starburst
Lair:1:   minmay_lair_oklob_chamber, layout_regular_city, st_stairs_9,
          infiniplex_staircase_pool, uniq_nergalle, uniq_fannar
Lair:2:   layout_cave_pods, infiniplex_staircase_pool_2, serial_bayou_shore_b,
          lemuel_fruit_tree, grunt_megastairs_4, serial_bayou_shore_b
Lair:3:   layout_gridlike, portal_ice_cave_entry_imps,
          dreamdust_deal_with_the_devil, bh_autumn_forest_stairs,
          serial_bayou_shore_a
Lair:4:   layout_cave_pods, elwin_shoals_entry_stream,
          nicolae_spider_entry_orb_guardian
Lair:5:   layout_roguey, minmay_slime_entry_oklob_enclosed, grunt_megastairs_3,
          serial_bayou_shore_b
Lair:6:   guppyfry_lair_end_dragon, layout_hall_layers, serial_bayou_shore_b,
          grunt_megastairs_2
Shoals:1: layout_shoals, uniq_frances
Shoals:2: layout_shoals, serial_shops, shop, uniq_nikola, uniq_mlioglotl
Shoals:3: layout_shoals
Shoals:4: shoals_end_grunt_ice, layout_shoals, nicolae_shoals_dead_sea_scrolls,
          uniq_polyphemus, uniq_aizul, uniq_roxanne
Spider:1: cheibrodos_forgotten_conduit, special_room [special_room_bee],
          hellmonk_motheaten_closet
Spider:2: layout_spider_delve
Spider:3: layout_spider_delve
Spider:4: grunt_spider_rune_parallel, nicolae_spider_cling_ruins
Slime:1:  layout_caves
Slime:2:  layout_caves, uniq_dissolution
Slime:3:  layout_caves, basic_altar
Slime:4:  cheibrodos_slime_lost_civilization_10, layout_caves
Slime:5
Orc:1:    emtedronai_trogs_sanctum, layout_caves, serial_shops,
          nicolae_shop_overgrown_old_shop, abandoned_shop
Orc:2:    st_orc_ogre_mass, layout_diamond_mine, basic_altar, uniq_rupert

Notes
Turn   | Place    | Note
-------+----------+-------------------------------------------
     0 | D:1      | mcwallace the Vine Stalker Earth Elementalist began the
                  | quest for the Orb.
     0 | D:1      | Reached XP level 1. HP: 9/9 MP: 4/4
     0 | D:1      | magus.rc [v1.9.6]
   141 | D:1      | Found a faded altar of an unknown god.
   235 | D:1      | Reached XP level 2. HP: 14/14 MP: 3/6
   736 | D:1      | You pick up a book of Dreams and begin reading...
   736 | D:1      | You add the spells Ensorcelled Hibernation, Spider Form and
                  | Anguish to your library.
  1099 | D:2      | Reached XP level 3. HP: 17/17 MP: 5/7
  1180 | D:2      | Found a bloodstained altar of Trog.
  1536 | D:2      | Reached skill level 1 in Fighting
  1895 | D:3      | Reached skill level 2 in Dodging
  2078 | D:3      | Gained mutation: Your natural rate of healing is unusually
                  | fast. [Vine Stalker growth]
  2078 | D:3      | Reached XP level 4. HP: 22/22 MP: 5/9
  2331 | D:3      | Reached skill level 2 in Transmutations
  2707 | D:3      | Learned a level 3 spell: Stone Arrow
  2710 | D:4      | Noticed a phantom
  2742 | D:4      | Reached skill level 3 in Spellcasting
  2742 | D:4      | Reached XP level 5. HP: 23/25 MP: 7/10
  2843 | D:4      | Noticed Edmund
  2931 | D:4      | Reached skill level 2 in Fighting
  3157 | D:4      | Found a staircase to the Ecumenical Temple.
  3162 | D:4      | Reached skill level 4 in Earth Magic
  3167 | Temple   | Entered the Ecumenical Temple
  3366 | Temple   | Became a worshipper of Hepliaklqana the Forgotten
  3514 | D:4      | Killed a phantom
  3515 | D:4      | Reached XP level 6. HP: 23/31 MP: 1/12
  3540 | D:5      | Entered Level 5 of the Dungeon
  3718 | D:5      | Reached skill level 3 in Dodging
  3751 | D:5      | Found Cauboggi's Armour Boutique.
  3766 | D:5      | HP: 7/32 [centaur warrior zombie (4)]
  3767 | D:5      | HP: 2/32 [centaur warrior zombie (5)]
  3769 | D:5      | Reached skill level 3 in Fighting
  3769 | D:5      | Reached skill level 4 in Spellcasting
  3769 | D:5      | Reached XP level 7. HP: 2/36 MP: 10/14
  3884 | D:5      | Reached skill level 5 in Earth Magic
  3985 | D:5      | Noticed Grinder
  4159 | D:5      | Paralysed by Grinder for 4 turns
  4162 | D:5      | HP: 8/36 [Grinder (2)]
  4163 | D:5      | Killed Grinder
  4164 | D:5      | Reached skill level 4 in Dodging
  4164 | D:5      | Gained mutation: You have razor-sharp teeth. [Vine Stalker
                  | growth]
  4164 | D:5      | Reached XP level 8. HP: 11/42 MP: 7/16
  4232 | D:5      | Reached skill level 4 in Fighting
  4232 | D:5      | Reached skill level 5 in Spellcasting
  4924 | D:4      | Killed Edmund
  5278 | D:6      | Reached * piety under Hepliaklqana
  5309 | D:6      | Reached skill level 6 in Earth Magic
  5504 | D:6      | Reached XP level 9. HP: 41/41 MP: 18/18
  5579 | D:6      | Found a sparkling altar of Nemelex Xobeh.
  5592 | D:6      | Reached skill level 5 in Fighting
  5592 | D:6      | Reached skill level 6 in Spellcasting
  5647 | D:6      | Reached skill level 5 in Dodging
  5893 | D:6      | You add the spells Static Discharge, Sticky Flame and Iron
                  | Shot to your library.
  5893 | D:6      | Got Sif Muna's Disquisition on Combat Magic
  5897 | D:6      | Learned a level 2 spell: Passwall
  6216 | D:6      | Reached skill level 1 in Armour
  6216 | D:6      | Reached skill level 1 in Invocations
  6239 | D:6      | Reached skill level 7 in Earth Magic
  6239 | D:6      | Reached skill level 2 in Invocations
  6539 | D:7      | Reached ** piety under Hepliaklqana
  6540 | D:7      | Remembered your ancestor Synnove as a knight
  6652 | D:7      | Reached skill level 2 in Armour
  6652 | D:7      | Reached XP level 10. HP: 47/47 MP: 4/21
  7008 | D:7      | Reached skill level 6 in Fighting
  7087 | D:7      | Noticed a boulder beetle
  7253 | D:8      | Reached skill level 7 in Spellcasting
  7363 | D:8      | Found a staircase to the Lair.
  7483 | D:8      | Noticed Harold
  7619 | D:8      | Killed Harold
  7620 | D:8      | Reached skill level 6 in Dodging
  7620 | D:8      | Reached skill level 3 in Invocations
  8834 | D:9      | Reached skill level 3 in Armour
  8839 | D:9      | Learned a level 4 spell: Petrify
  9101 | D:9      | Reached skill level 4 in Invocations
  9218 | D:9      | Reached *** piety under Hepliaklqana
  9264 | D:9      | Reached skill level 8 in Earth Magic
  9264 | D:9      | Reached XP level 11. HP: 49/52 MP: 23/23
  9375 | D:9      | Noticed Grum
  9387 | D:9      | Killed Grum
  9644 | D:10     | Entered Level 10 of the Dungeon
  9719 | D:10     | Reached skill level 7 in Fighting
  9719 | D:10     | Reached skill level 8 in Spellcasting
  9913 | D:10     | Reached skill level 4 in Armour
 10002 | D:10     | Found a portal to a secret trove of treasure.
 10010 | D:10     | This trove needs 6 scrolls of fog to function. Give it the
                  | items?
 10364 | D:10     | Reached skill level 5 in Invocations
 10436 | D:10     | You pick up a book of Flames and begin reading...
 10436 | D:10     | You add the spells Foxfire, Conjure Flame, Inner Flame and
                  | Flame Wave to your library.
 10916 | Lair:1   | Entered Level 1 of the Lair of Beasts
 10923 | Lair:1   | Reached skill level 7 in Dodging
 11055 | Lair:1   | Reached **** piety under Hepliaklqana
 11137 | Lair:1   | Reached skill level 1 in Conjurations
 11310 | Lair:1   | Noticed Nergalle
 11578 | Lair:1   | Noticed an oklob plant
 11584 | Lair:1   | Noticed Fannar
 11638 | Lair:2   | Reached skill level 2 in Conjurations
 11702 | Lair:2   | Noticed a five-headed hydra
 11710 | Lair:2   | Killed a five-headed hydra
 11711 | Lair:2   | Reached skill level 5 in Armour
 11711 | Lair:2   | Reached XP level 12. HP: 41/57 MP: 22/25
 11769 | Lair:2   | Reached skill level 8 in Fighting
 11769 | Lair:2   | Reached skill level 9 in Spellcasting
 11769 | Lair:2   | Reached skill level 3 in Conjurations
 12168 | Lair:2   | Noticed a seven-headed hydra
 12367 | Lair:2   | Killed a seven-headed hydra
 12565 | Lair:2   | You pick up a book of Air and begin reading...
 12565 | Lair:2   | You add the spells Shock, Swiftness and Airstrike to your
                  | library.
 12586 | Lair:2   | Reached skill level 4 in Conjurations
 13084 | Lair:3   | Found the +14 obsidian axe {vorpal, Mesm Drain Fly SInv}
 13256 | Lair:3   | Noticed a catoblepas
 13269 | Lair:3   | Killed a catoblepas
 13270 | Lair:3   | Reached skill level 8 in Dodging
 13398 | Lair:3   | Found a frozen archway.
 13407 | IceCv    | Entered an ice cave
 13427 | IceCv    | Learned a level 3 spell: Conjure Flame
 13729 | IceCv    | Reached skill level 5 in Conjurations
 13943 | IceCv    | Reached skill level 1 in Shields
 13952 | IceCv    | Reached skill level 9 in Fighting
 14111 | IceCv    | Found the ring of the Hare {EV+8}
 14123 | IceCv    | You add the spells Freeze, Ice Form and Polar Vortex to
                  | your library.
 14123 | IceCv    | Got the Almanac of the Snowflakes
 14573 | Lair:3   | Reached skill level 2 in Shields
 14629 | Lair:3   | Reached XP level 13. HP: 59/63 MP: 23/27
 14659 | Lair:3   | Reached skill level 6 in Conjurations
 14712 | Lair:3   | Reached skill level 6 in Invocations
 15345 | Lair:4   | Found a hole to the Spider Nest.
 15363 | Lair:4   | Reached skill level 3 in Shields
 15517 | Lair:4   | Found a staircase to the Shoals.
 15598 | Lair:4   | Reached ***** piety under Hepliaklqana
 15745 | Lair:4   | Reached skill level 4 in Shields
 15761 | Lair:4   | Identified a scroll of acquirement
 15763 | Lair:4   | Acquired 697 gold pieces
 15957 | Lair:4   | Reached skill level 7 in Conjurations
 16510 | Lair:4   | Reached skill level 7 in Invocations
 16671 | Lair:5   | Reached skill level 10 in Fighting
 17392 | Lair:6   | Entered Level 6 of the Lair of Beasts
 17397 | Lair:6   | Reached skill level 10 in Spellcasting
 17432 | Lair:6   | Reached skill level 5 in Shields
 17682 | Lair:6   | Reached skill level 8 in Conjurations
 17682 | Lair:6   | Reached skill level 8 in Invocations
 17685 | Lair:6   | Reached XP level 14. HP: 56/69 MP: 26/29
 17863 | Lair:6   | Reached skill level 6 in Shields
 18149 | Lair:6   | You pick up a book of Touch and begin reading...
 18207 | Lair:6   | HP: 14/69 [fire dragon/blast of flame (30)]
 18677 | D:11     | You fall into a shaft and drop 2 floors!
 18819 | D:12     | Reached skill level 11 in Spellcasting
 18952 | D:11     | Reached skill level 9 in Conjurations
 19255 | D:11     | Reached ****** piety under Hepliaklqana
 19355 | D:11     | Found a sacrificial altar of Ru.
 19766 | D:12     | Found a staircase to the Orcish Mines.
 20156 | D:12     | Reached skill level 7 in Shields
 20685 | D:12     | Learned a level 6 spell: Iron Shot
 21392 | D:12     | magus.rc [v1.9.6]
 21431 | Orc:1    | Entered Level 1 of the Orcish Mines
 21515 | Orc:1    | Noticed a stone giant
 21518 | Orc:1    | Found a bloodstained altar of Trog.
 21518 | Orc:1    | Found the +8 Wrath of Trog {antimagic, *Rage Rampage}
 21532 | Orc:1    | Found Esinine's Assorted Antiques.
 21706 | Orc:1    | You fall into a shaft and drop 1 floor!
 21706 | Orc:2    | Entered Level 2 of the Orcish Mines
 21709 | Orc:2    | Noticed Rupert
 21817 | Orc:2    | Reached skill level 10 in Conjurations
 21930 | Orc:2    | Found Reapt's Magic Scroll Shop.
 21930 | Orc:2    | Found Eles's Book Emporium.
 21930 | Orc:2    | Found Othrop's General Store.
 21930 | Orc:2    | Found Meppig's Weapon Boutique.
 21947 | Orc:2    | Found a staircase to the Elven Halls.
 22079 | Orc:1    | Found a transporter.
 22260 | Orc:2    | Reached skill level 12 in Spellcasting
 22277 | Orc:2    | Reached skill level 8 in Shields
 22330 | Orc:2    | Reached XP level 15. HP: 59/72 MP: 23/32
 22406 | Orc:2    | Reached skill level 3 in Transmutations
 22453 | Orc:2    | Reached skill level 4 in Transmutations
 22481 | Orc:2    | Bought a scroll of fog for 22 gold pieces
 22503 | Orc:2    | Reached skill level 9 in Shields
 22895 | Orc:1    | Found a transporter.
 23078 | D:13     | Noticed Kirke
 23095 | D:13     | Killed Kirke
 23096 | D:13     | Reached skill level 5 in Transmutations
 23142 | D:13     | Noticed Urug
 23163 | D:13     | Killed Urug
 23174 | D:13     | a +3 eveningstar of draining {macerare=g}; 7 javelins
                  | {throwing}; a +2 ring mail of fire resistance
 23363 | D:13     | Found a gate to the Vaults.
 23477 | D:13     | Identified the +5 long sword of Bimae {vorpal, rF++ rC-
                  | Dex+2}
 23495 | D:13     | a +3 eveningstar of draining {macerare=g}; 7 javelins
                  | {throwing}; a +2 ring mail of fire resistance
 23495 | D:13     | a +3 eveningstar of draining {macerare=g}; 7 javelins
                  | {throwing}; a +2 ring mail of fire resistance
 23495 | D:13     | Could not pick up a +3 eveningstar of draining
                  | {macerare=g}, 7 javelins {throwing} and a +2 ring mail of
                  | fire resistance here; ([A]lways) ignore them?
 23495 | D:13     | a +3 eveningstar of draining {macerare=g}; 7 javelins
                  | {throwing}; a +2 ring mail of fire resistance
 23495 | D:13     | Could not pick up a +3 eveningstar of draining {macerare=g}
                  | here; ([A]lways) ignore it?
 23495 | D:13     | a +3 eveningstar of draining {macerare=g}; 7 javelins
                  | {throwing}; a +2 ring mail of fire resistance
 23495 | D:13     | Could not pick up a +3 eveningstar of draining {macerare=g}
                  | here; ([A]lways) ignore it?
 23495 | D:13     | Could not pick up a +3 eveningstar of draining {macerare=g}
                  | here; ([A]lways) ignore it?
 23495 | D:13     | Could not pick up a +3 eveningstar of draining {macerare=g}
                  | here; ([A]lways) ignore it?
 23496 | D:13     | Z - a +3 eveningstar of draining {macerare=g}
 23708 | D:13     | Noticed Josephine
 23720 | D:13     | Killed Josephine
 23721 | D:13     | Reached skill level 6 in Transmutations
 23948 | D:13     | Reached skill level 10 in Shields
 24352 | D:14     | Found a runed translucent gate.
 24352 | D:14     | Found a runed translucent gate.
 24352 | D:14     | Found a runed translucent gate.
 24353 | D:14     | Noticed an azure jelly
 24355 | D:14     | Noticed Juty's ghost (journeyman MiBe)
 24355 | D:14     | Noticed a rockslime
 24357 | D:14     | Noticed an azure jelly
 24358 | D:14     | Found a viscous altar of Jiyva.
 24417 | D:14     | You pick up a book of Chaos and begin reading...
 24417 | D:14     | You add the spells Conjure Ball Lightning, Disjunction and
                  | Discord to your library.
 24566 | D:14     | Reached skill level 7 in Transmutations
 24586 | D:14     | You drop a +3 eveningstar of draining {macerare=g}.
 24619 | D:14     | Could not pick up a +3 eveningstar of draining {macerare=g}
                  | here; ([A]lways) ignore it?
 24619 | D:14     | Could not pick up a +3 eveningstar of draining {macerare=g}
                  | here; ([A]lways) ignore it?
 24619 | D:14     | Could not pick up a +3 eveningstar of draining {macerare=g}
                  | here; ([A]lways) ignore it?
 24619 | D:14     | Could not pick up a +3 eveningstar of draining {macerare=g}
                  | here; ([A]lways) ignore it?
 24620 | D:14     | X - a +3 eveningstar of draining {macerare=g}
 24833 | D:15     | Entered Level 15 of the Dungeon
 24942 | D:15     | Paralysed by an ogre mage for 6 turns
 25053 | D:15     | Identified the +10 chain mail "Egivy" {Drain +Inv Int+2}
 25060 | D:15     | Found a blossoming altar of Fedhas.
 25063 | D:15     | Noticed Agnes
 25072 | D:15     | You are cast into the Abyss!
 25072 | D:15     | Cast into level 2 of the Abyss (Agnes)
 25120 | Abyss:2  | Noticed a revenant
 25154 | Abyss:2  | Found a basalt altar of Yredelemnul.
 25219 | Abyss:2  | Noticed a tentacled starspawn
 25491 | D:15     | You pass through the gate.
 25491 | D:15     | Escaped the Abyss
 25657 | D:15     | You add the spells Sting, Poisonous Vapours and Olgreb's
                  | Toxic Radiance to your library.
 25661 | D:15     | Learned a level 2 spell: Poisonous Vapours
 25686 | D:15     | Found a staircase to the Depths.
 25696 | D:15     | Reached skill level 8 in Transmutations
 25697 | D:15     | Reached XP level 16. HP: 51/76 MP: 20/33
 25808 | D:15     | Reached skill level 11 in Shields
 26170 | D:15     | Noticed Jorgrun
 26194 | D:15     | Killed Jorgrun
 26839 | Orc:2    | Paralysed by Rupert for 7 turns
 26863 | Orc:2    | Killed Rupert
 26979 | Orc:2    | Found a burning altar of Makhleb.
 27423 | Orc:2    | Bought a scroll of identify for 22 gold pieces
 27423 | Orc:2    | Bought a scroll of identify for 22 gold pieces
 27431 | Orc:2    | Learned a level 4 spell: Ice Form
 27470 | Orc:2    | magus.rc [v1.9.6]
 27497 | Orc:2    | Bought a book of Blasting for 480 gold pieces
 27497 | Orc:2    | You pick up a book of Blasting and begin reading...
 27497 | Orc:2    | You add the spells Fulminant Prism, Iskenderun's Mystic
                  | Blast and Lee's Rapid Deconstruction to your library.
 27503 | Orc:2    | Learned a level 5 spell: Lee's Rapid Deconstruction
 27775 | Shoals:1 | Entered Level 1 of the Shoals
 27924 | Shoals:1 | Reached skill level 9 in Transmutations
 28432 | Shoals:1 | Reached skill level 9 in Earth Magic
 28481 | Shoals:1 | Noticed Frances
 28502 | Shoals:1 | Noticed a kraken
 28627 | Shoals:1 | Killed a kraken
 28628 | Shoals:1 | Reached skill level 12 in Shields
 28954 | Shoals:2 | Noticed Mlioglotl
 29752 | Shoals:2 | Reached skill level 10 in Earth Magic
 30236 | Shoals:3 | Identified the +5 ring mail "Pasaroav" {Int+4}
 30269 | Shoals:3 | You pick up a book of Fire and begin reading...
 30269 | Shoals:3 | You add the spells Fireball, Starburst and Ignition to your
                  | library.
 30543 | Shoals:4 | Entered Level 4 of the Shoals
 30545 | Shoals:4 | Noticed Aizul
 30911 | Shoals:4 | Killed Aizul
 31181 | Shoals:4 | Reached XP level 17. HP: 66/80 MP: 28/34
 31283 | Shoals:4 | Identified Roxanne's Volume of Clay
 31283 | Shoals:4 | Noticed Roxanne
 31799 | Shoals:4 | Reached skill level 13 in Shields
 31885 | Shoals:4 | Noticed Polyphemus
 31916 | Shoals:4 | Killed Polyphemus
 31985 | Shoals:4 | Killed Roxanne
 32127 | Shoals:4 | You add the spells Borgnjor's Vile Clutch and Statue Form
                  | to your library.
 32130 | Shoals:4 | HP: 17/80 [merfolk impaler (7)]
 32252 | Shoals:3 | Learned a level 6 spell: Statue Form
 32319 | Shoals:4 | Reached skill level 6 in Armour
 32359 | Shoals:4 | Reached skill level 11 in Earth Magic
 32409 | Shoals:4 | Got a barnacled rune of Zot
 32865 | Shoals:4 | Reached skill level 13 in Spellcasting
 32975 | Shoals:4 | Identified the +4 demon whip of Extremism {vamp, rElec rF+
                  | Str+2 Int+3}
 33253 | Shoals:4 | Identified the ring of the Sun {Int+2 SInv}
 33701 | Shoals:2 | Found Umoalomm's Jewellery Boutique.
 33769 | Shoals:2 | Noticed Nikola
 34062 | Spider:1 | Entered Level 1 of the Spider Nest
 34332 | Spider:1 | Acquired 1202 gold pieces
 34389 | Spider:1 | Reached skill level 7 in Armour
 35029 | Spider:1 | Identified the +1 hat "Noerph" {+Blink Will+}
 35051 | Spider:1 | Identified the -2 robe "Buizu" {rF+}
 35069 | Spider:1 | Identified the +1 hunting sling of the Glowing Visionary
                  | {vorpal, rPois rF+ rN+ Str+8 Dex-4}
 35087 | Spider:1 | Learned a level 5 spell: Borgnjor's Vile Clutch
 35113 | Spider:1 | Reached skill level 12 in Earth Magic
 35224 | Spider:1 | Identified the +0 mace "Eneoteq" {drain, +Blink rElec rC+
                  | Int+3}
 35240 | Spider:1 | You drop a +3 eveningstar of draining {macerare=g}.
 35508 | Spider:1 | Reached skill level 1 in Evocations
 35658 | Spider:1 | Could not pick up a +3 eveningstar of draining {macerare=g}
                  | here; ([A]lways) ignore it?
 35658 | Spider:1 | Could not pick up a +3 eveningstar of draining {macerare=g}
                  | here; ([A]lways) ignore it?
 35659 | Spider:1 | C - a +3 eveningstar of draining {macerare=g}
 35984 | Spider:1 | Reached skill level 2 in Evocations
 36175 | Spider:2 | Reached XP level 18. HP: 83/83 MP: 26/36
 36206 | Spider:2 | Reached skill level 3 in Evocations
 36387 | Spider:1 | Reached skill level 4 in Evocations
 36433 | Spider:2 | Reached skill level 8 in Armour
 36718 | Spider:1 | Reached skill level 5 in Evocations
 37643 | Spider:3 | You pick up a book of Ice and begin reading...
 37643 | Spider:3 | You add the spells Freezing Cloud and Simulacrum to your
                  | library.
 38216 | D:10     | This trove needs 6 scrolls of fog to function. Give it the
                  | items?
 38216 | D:10     | You paid a toll of 6 scrolls of fog to enter a treasure
                  | trove
 38217 | Trove    | Entered a treasure trove
 38231 | Trove    | Got the Volume of Shifting Lightness
 38235 | Trove    | You pick up a book of the Hunter and begin reading...
 38235 | Trove    | You add the spells Call Canine Familiar, Portal Projectile
                  | and Leda's Liquefaction to your library.
 38238 | Trove    | You add the spells Sublimation of Blood, Corpse Rot, Agony
                  | and Necromutation to your library.
 38238 | Trove    | Got Sif Muna's Reference Book on Dark Magic
 38243 | Trove    | You add the spells Lesser Beckoning, Teleport Other,
                  | Lightning Bolt, Iskenderun's Battlesphere, Manifold Assault
                  | and Lehudib's Crystal Spear to your library.
 38243 | Trove    | Got Sif Muna's Guide on Confrontation and the Voyage
 38261 | Trove    | You drop a +3 eveningstar of draining {macerare=g}.
 38266 | Trove    | You add the spells Ignite Poison, Summon Ice Beast and
                  | Metabolic Englaciation to your library.
 38266 | Trove    | Got Vantang's Grimoire of Congealing Venom
 38273 | Trove    | You pick up a book of the Dragon and begin reading...
 38273 | Trove    | You add the spells Cause Fear, Dragon Form and Dragon's
                  | Call to your library.
 38284 | Trove    | You add the spells Tukima's Dance, Passage of Golubria and
                  | Yara's Violent Unravelling to your library.
 38287 | Trove    | You add the spells Silence, Excruciating Wounds and
                  | Alistair's Intoxication to your library.
 38287 | Trove    | Got The Advanced Guide to Hermeneutics
 38314 | Trove    | Could not pick up a +3 eveningstar of draining {macerare=g}
                  | here; ([A]lways) ignore it?
 38453 | Lair:1   | Killed Nergalle
 38782 | Spider:3 | You pick up a book of Lightning and begin reading...
 39135 | Spider:4 | Entered Level 4 of the Spider Nest
 39500 | Spider:4 | Reached skill level 10 in Transmutations
 39502 | Spider:4 | Reached skill level 9 in Armour
 39502 | Spider:4 | Reached skill level 6 in Evocations
 40036 | Spider:4 | Reached XP level 19. HP: 50/88 MP: 23/37
 40105 | Spider:4 | Reached skill level 7 in Evocations
 40324 | Spider:4 | Got a gossamer rune of Zot
 40553 | Spider:4 | Reached skill level 11 in Transmutations
 41593 | Shoals:2 | HP: 25/114 [Nikola/arc of chain lightning (49)]
 41594 | Shoals:2 | Killed Nikola
 41637 | Shoals:2 | Reached skill level 10 in Armour
 41694 | Shoals:2 | Bought a ring of resist corrosion for 360 gold pieces
 41904 | Lair:5   | Found a staircase to the Slime Pits.
 41951 | Slime:1  | Entered Level 1 of the Pits of Slime
 42096 | Slime:1  | Gained mutation: You are frail. (-10% HP) [a shining eye]
 42107 | Slime:1  | Reached skill level 8 in Evocations
 42234 | Slime:1  | Gained mutation: Your body sometimes deteriorates upon
                  | taking damage. [a shining eye]
 42234 | Slime:1  | Gained mutation: Your spells are a little easier to cast,
                  | but a little less powerful. [a shining eye]
 42243 | Slime:1  | Lost mutation: Your spells are a little easier to cast, but
                  | a little less powerful. [potion of mutation]
 42243 | Slime:1  | Lost mutation: You are frail. (-10% HP) [potion of
                  | mutation]
 42243 | Slime:1  | Gained mutation: You are agile. (Dex +2) [potion of
                  | mutation]
 42243 | Slime:1  | Gained mutation: You expend magic power (3 MP) to
                  | strengthen your wands. [potion of mutation]
 42243 | Slime:1  | Gained mutation: Your magical capacity is low. (-10% MP)
                  | [potion of mutation]
 42244 | Slime:1  | Lost mutation: Your magical capacity is low. (-10% MP)
                  | [potion of mutation]
 42244 | Slime:1  | Lost mutation: Your body sometimes deteriorates upon taking
                  | damage. [potion of mutation]
 42244 | Slime:1  | Lost mutation: You expend magic power (3 MP) to strengthen
                  | your wands. [potion of mutation]
 42244 | Slime:1  | Gained mutation: Armour fits poorly on your strangely
                  | shaped body. [potion of mutation]
 42244 | Slime:1  | Gained mutation: Your muscles are strong. (Str +2) [potion
                  | of mutation]
 42244 | Slime:1  | Gained mutation: You have hidden genetic potential. [potion
                  | of mutation]
 42455 | Slime:2  | Noticed Dissolution
 42459 | Slime:2  | Paralysed by a floating eye for 2 turns
 42464 | Slime:2  | Killed Dissolution
 42774 | Slime:3  | Found a viscous altar of Jiyva.
 42922 | Slime:3  | Reached skill level 12 in Transmutations
 43323 | Slime:5  | Entered Level 5 of the Pits of Slime
 43385 | Slime:5  | Reached skill level 11 in Armour
 43734 | Slime:5  | Noticed the Royal Jelly
 43971 | Slime:5  | Reached XP level 20. HP: 91/91 MP: 38/38
 44102 | Slime:4  | Reached skill level 13 in Transmutations
 45438 | Slime:5  | Found a viscous altar of Jiyva.
 45481 | Slime:5  | Reached skill level 12 in Armour
 45561 | Slime:5  | HP: 15/118 [acid blob[the Royal Jelly] (17)]
 45562 | Slime:5  | HP: 5/118 [acid (5)]
 45802 | Slime:5  | HP: 13/91 [the Royal Jelly (14)]
 46639 | Slime:5  | HP: 22/91 [something (9)]
 46639 | Slime:5  | HP: 7/91 [quicksilver ooze[the Royal Jelly] (7)]
 46644 | Slime:5  | HP: 6/91 [something (2)]
 46645 | Slime:5  | Slain by a quicksilver ooze

Vanquished Creatures
  Nikola (Shoals:2)
  Jorgrun (D:15)
  11 acid blobs
  Polyphemus (Shoals:4)
  5 rockslimes
  Roxanne (Shoals:4)
  6 azure jellies
  Aizul (Shoals:4)
  An emperor scorpion (Spider:4)
  4 ghost moths
  A broodmother (Spider:4)
  6 quicksilver oozes
  2 entropy weavers
  5 spark wasps
  3 merfolk javelineers
  7 merfolk impalers
  Josephine (D:13)
  A fire dragon (Lair:6)
  A great orb of eyes (Slime:1)
  5 hydras
  A radroach (Spider:4)
  A boulder beetle (Spider:2)
  Harold (D:8)
  A jorogumo (Spider:1)
  A catoblepas (Lair:3)
  3 merfolk avatars
  2 satyrs (Shoals:4)
  2 dancing weapons (D:13)
  13 two-headed ogres
  2 centaur warriors
  A vampire mage (D:15)
  A thrashing horror (Abyss:2)
  A death yak (Shoals:4)
  Nergalle (Lair:1)
  A storm dragon zombie (D:15)
  A sun moth (Spider:1)
  2 skeletal warriors (D:15)
  4 sea snakes
  4 pharaoh ants
  4 orb spiders
  A kraken simulacrum (Shoals:4)
  6 steelbarb worms
  A lindwurm (Lair:3)
  7 harpies
  10 wolf spiders
  3 manticores
  2 deep elf pyromancers (D:14)
  5 ugly things
  An orc sorcerer (Orc:2)
  2 shining eyes
  2 oklob plants (Lair:5)
  5 cyclopes
  43 slime creatures
  4 fauns (Shoals:2)
  A moth of wrath (shapeshifter) (D:15)
  2 centaur zombies
  2 elephants (Lair:5)
  An eye of devastation (Slime:5)
  11 merfolk sirens
  4 black mambas
  3 water nymphs
  3 torpor snails
  5 cane toads
  A smoke demon (Abyss:2)
  2 gargoyles (D:12)
  5 komodo dragons
  6 rime drakes
  4 demonic crawlers
  A freezing wraith (IceCv)
  A troll (Orc:1)
  12 merfolk
  11 tarantellas
  6 meliai (Spider:1)
  3 polar bears
  3 wind drakes (Shoals:4)
  Grinder (D:5)
  A raiju (Abyss:2)
  10 blink frogs
  10 dream sheep
  4 snapping turtles
  14 jumping spiders
  2 vampires
  9 culicivoras
  6 water elementals
  3 wraiths
  38 yaks
  5 golden eyes
  4 hogs (D:13)
  2 death yak simulacra (IceCv)
  2 basilisks
  5 steam dragons
  Grum (D:9)
  17 redbacks
  2 vampire mosquitoes
  5 wargs
  Edmund (D:4)
  7 water moccasins
  An ice beast (D:6)
  A sky beast (D:7)
  9 orc warriors
  19 ogres
  A black bear (D:5)
  9 centaurs
  17 wolves
  A necrophage (D:5)
  A phantom (D:4)
  6 bullfrogs
  4 two-headed ogre simulacra (IceCv)
  A scorpion (D:7)
  A water moccasin zombie (D:5)
  A wyvern zombie (D:6)
  A water moccasin skeleton (D:4)
  An elephant simulacrum (IceCv)
  14 killer bees (Spider:1)
  An electric eel (D:7)
  A bullfrog zombie (D:6)
  A jelly (D:5)
  2 centaur skeletons
  A gnoll shaman (D:8)
  3 hounds
  2 orc priests
  2 iguanas
  7 orc wizards
  3 spriggan simulacra (IceCv)
  2 troll simulacra (IceCv)
  A killer bee zombie (D:5)
  2 wolf simulacra (IceCv)
  2 howler monkey zombies
  A howler monkey skeleton (D:5)
  3 gnolls
  A naga simulacrum (IceCv)
  5 adders
  A shadow imp (D:5)
  11 white imps
  3 worms
  6 dart slugs
  29 orcs
  11 ball pythons
  6 endoplasms
  3 giant cockroaches (D:4)
  8 goblins
  6 hobgoblins
  5 kobolds
  A quokka (D:5)
  5 bats
  3 frilled lizards
  9 rats
674 creatures vanquished.

Vanquished Creatures (collateral kills)
  Dissolution (Slime:2)
  Rupert (Orc:2)
  12 acid blobs
  A kraken (Shoals:1)
  Kirke (D:13)
  5 azure jellies
  7 rockslimes
  3 emperor scorpions
  4 ghost moths
  4 quicksilver oozes
  2 broodmothers (Spider:2)
  3 entropy weavers
  A spark wasp (Spider:4)
  5 merfolk impalers
  2 great orbs of eyes (Slime:5)
  4 hydras
  5 ogre magi
  5 boulder beetles
  2 jorogumos (Spider:4)
  A radroach (Spider:4)
  A catoblepas (Shoals:4)
  11 two-headed ogres
  2 merfolk avatars (Shoals:4)
  A merfolk aquamancer (Shoals:4)
  An alligator snapping turtle (Shoals:4)
  A death yak (Shoals:4)
  A satyr (Shoals:2)
  A titan zombie (D:15)
  2 tengu warriors
  Urug (D:13)
  A thrashing horror (Abyss:2)
  9 sea snakes
  A pharaoh ant (Spider:1)
  3 steelbarb worms
  A sun moth (Spider:4)
  11 orb spiders
  A swamp dragon (Lair:6)
  9 harpies
  2 lindwurms
  2 bog bodies (IceCv)
  A deep elf pyromancer (D:13)
  A necromancer (D:15)
  2 shining eyes (Slime:1)
  12 wolf spiders
  A frost giant zombie (D:15)
  2 oklob plants (Lair:5)
  An orc sorcerer (Orc:1)
  8 manticores
  2 ugly things (D:14)
  5 cyclopes
  3 fauns (Shoals:2)
  A moth of wrath (Spider:4)
  9 merfolk sirens
  An elephant (Lair:5)
  4 torpor snails
  A fire giant skeleton (D:15)
  An eye of devastation (Slime:4)
  An ice statue (IceCv)
  3 water nymphs (Shoals:2)
  6 cane toads
  3 komodo dragons (Lair:6)
  A rime drake (Lair:4)
  2 demonic crawlers
  5 trolls
  A queen bee (Spider:1)
  14 merfolk
  10 meliai
  15 tarantellas
  2 wind drakes
  A wolf spider simulacrum (D:15)
  A polar bear (Lair:2)
  A blink frog (Lair:6)
  A hornet (D:8)
  6 snapping turtles
  8 dream sheep
  50 slime creatures
  21 jumping spiders
  16 culicivoras
  A small abomination (Abyss:2)
  2 wraiths (D:13)
  3 water elementals
  A wyvern (Lair:4)
  A dire elephant simulacrum (IceCv)
  A shadow (D:11)
  A vampire (D:11)
  16 yaks
  2 basilisks (Lair:6)
  A steam dragon (Lair:6)
  A death yak simulacrum (IceCv)
  2 golden eyes
  2 hogs (D:13)
  28 redbacks
  5 vampire mosquitoes
  3 acid dragons
  5 water moccasins
  2 swamp drakes (Lair:6)
  A necrophage (D:7)
  5 orc warriors
  8 wolves
  8 centaurs
  5 ogres (Orc:2)
  5 bullfrogs
  3 two-headed ogre simulacra (IceCv)
  3 cane toad simulacra (IceCv)
  An elephant simulacrum (IceCv)
  6 killer bees (Spider:1)
  4 electric eels
  A centaur zombie (D:8)
  2 orc priests
  2 iguanas (Lair:6)
  6 orc wizards
  2 troll simulacra (IceCv)
  A spriggan simulacrum (IceCv)
  A wolf simulacrum (IceCv)
  5 gnolls
  3 adders
  5 naga simulacra (IceCv)
  10 white imps
  2 ufetubi (IceCv)
  17 orcs
  A bat (D:11)
  An endoplasm (D:6)
  A lurking horror (Abyss:2)
  2 tentacles (Shoals:1)
542 creatures vanquished.

Vanquished Creatures (others)
  A harpy (Shoals:2)
  A merfolk (Shoals:4)
  A centaur (D:12)
  56 knights
  An ancestor (D:6)
  A white imp (Lair:3)
  19 fungi
  145 plants
  2 starspawn tentacles (Abyss:2)
  23 tentacles
  4 withered plants (D:15)
254 creatures vanquished.

Grand Total: 1470 creatures vanquished

Table legend:
 A = Non-vault XP
 B = Vault XP
 C = Vault XP percentage of total XP
 D = Non-vault monster count
 E = Vault monster count
 F = Vault count percentage of total count
                 A         B        C        D         E       F
            +---------+---------+-------+---------+---------+-------
      Total |  290123 |  134251 |  31.6 |     887 |     306 |  25.6
            +---------+---------+-------+---------+---------+-------
        D:1 |      33 |       0 |   0.0 |      20 |       0 |   0.0
        D:2 |      20 |       0 |   0.0 |      10 |       0 |   0.0
        D:3 |     110 |       0 |   0.0 |      21 |       0 |   0.0
        D:4 |     298 |     171 |  36.5 |      22 |       1 |   4.3
        D:5 |    1065 |     382 |  26.4 |      19 |       4 |  17.4
        D:6 |    2110 |     123 |   5.5 |      21 |       2 |   8.7
        D:7 |     775 |       0 |   0.0 |      10 |       0 |   0.0
        D:8 |    1001 |     865 |  46.4 |      19 |       1 |   5.0
        D:9 |    2940 |     414 |  12.3 |      23 |       3 |  11.5
       D:10 |    2365 |    1165 |  33.0 |      12 |      12 |  50.0
       D:11 |    4415 |      30 |   0.7 |      12 |       4 |  25.0
       D:12 |   10771 |     869 |   7.5 |      32 |       4 |  11.1
       D:13 |    6586 |    6541 |  49.8 |      14 |      14 |  50.0
       D:14 |    9420 |       0 |   0.0 |      19 |       0 |   0.0
       D:15 |    6359 |    7244 |  53.3 |       9 |       9 |  50.0
     Lair:1 |    1773 |    1164 |  39.6 |      10 |       2 |  16.7
     Lair:2 |    6111 |    1146 |  15.8 |      28 |       2 |   6.7
     Lair:3 |    6191 |     112 |   1.8 |      24 |      11 |  31.4
     Lair:4 |    6589 |    2236 |  25.3 |      28 |       5 |  15.2
     Lair:5 |    3438 |    4328 |  55.7 |      10 |       9 |  47.4
     Lair:6 |   12058 |    5178 |  30.0 |      44 |      16 |  26.7
   Shoals:1 |   18600 |       0 |   0.0 |      30 |       0 |   0.0
   Shoals:2 |   20696 |    2141 |   9.4 |      47 |       1 |   2.1
   Shoals:3 |    8632 |     476 |   5.2 |      18 |       1 |   5.3
   Shoals:4 |   13146 |   24717 |  65.3 |      29 |      37 |  56.1
   Spider:1 |   24188 |    9777 |  28.8 |      67 |      36 |  35.0
   Spider:2 |   22989 |       0 |   0.0 |      53 |       0 |   0.0
   Spider:3 |    7756 |       0 |   0.0 |      18 |       0 |   0.0
   Spider:4 |   28370 |   15530 |  35.4 |      59 |      31 |  34.4
    Slime:1 |   10628 |       0 |   0.0 |      28 |       0 |   0.0
    Slime:2 |    7862 |    7055 |  47.3 |      15 |       1 |   6.2
    Slime:3 |   12891 |       0 |   0.0 |      21 |       0 |   0.0
    Slime:4 |   10888 |     262 |   2.3 |      18 |       1 |   5.3
    Slime:5 |   15266 |   19190 |  55.7 |      33 |      15 |  31.2
      Orc:1 |     866 |     822 |  48.7 |       2 |       1 |  33.3
      Orc:2 |    2917 |   18044 |  86.1 |      36 |      35 |  49.3
    Abyss:2 |       0 |       0 |   N/A |       6 |       0 |   0.0
      IceCv |       0 |    4269 | 100.0 |       0 |      48 | 100.0
            +---------+---------+-------+---------+---------+-------

Illustrated notes

Table legend:
 A = Kills in this place as a percentage of kills in entire the game.
 B = Kills by you in this place as a percentage of kills by you in the entire game.
 C = Kills by friends in this place as a percentage of kills by friends in the entire game.
 D = Other kills in this place as a percentage of other kills in the entire game.
 E = Experience gained in this place as a percentage of experience gained in the entire game.
 F = Experience gained in this place divided by the number of levels of this place that you have seen.
                   A       B       C       D       E      F
               +-------+-------+-------+-------+-------+----------------------
         Total | 100.0 | 100.0 | 100.0 | 100.0 | 100.0 | 10609.3
       Dungeon |  26.6 |  34.2 |  17.1 |   0.0 |  15.6 | 4404.8
          Lair |  15.8 |  17.3 |  14.1 |   0.0 |  11.9 | 8387.3
        Shoals |  13.7 |  11.8 |  15.6 | 100.0 |  20.8 | 22102.0
   Spider Nest |  22.1 |  17.7 |  27.7 |   0.0 |  25.6 | 27152.5
    Slime Pits |  11.1 |   8.5 |  14.3 |   0.0 |  19.8 | 16808.4
  Orcish Mines |   6.2 |   6.8 |   5.5 |   0.0 |   5.3 | 11324.5
         Abyss |   0.5 |   0.5 |   0.6 |   0.0 |   0.0 |   0.0
      Ice Cave |   4.0 |   3.2 |   5.1 |   0.0 |   1.0 | 4269.0
               +-------+-------+-------+-------+-------+----------------------

Table legend: (Time is in decaauts)
 A = Elapsed time spent in this place.
 B = Non-inter-level travel time spent in this place.
 C = Inter-level travel time spent in this place.
 D = Time resting spent in this place.
 E = Time spent auto-exploring this place.
 F = Levels seen in this place.
 G = Mean time per level.
                   A        B        C        D        E       F      G
               +--------+--------+--------+--------+--------+-----+--------+
         Total |  48922 |  45666 |   3256 |   8102 |  14741 |  40 | 1223.1 |
       Dungeon |  17270 |  15825 |   1445 |   1973 |   8003 |  15 | 1151.3 |
        Temple |    267 |    211 |     56 |      0 |    166 |   1 |  267.0 |
          Lair |   7841 |   6994 |    847 |    588 |   3113 |   6 | 1306.8 |
        Shoals |   7126 |   6789 |    337 |   2224 |    614 |   4 | 1781.5 |
   Spider Nest |   7256 |   6902 |    354 |   1115 |   1432 |   4 | 1814.0 |
    Slime Pits |   5161 |   5117 |     44 |   1897 |    412 |   5 | 1032.2 |
  Orcish Mines |   2429 |   2258 |    171 |     90 |    802 |   2 | 1214.5 |
         Abyss |    402 |    402 |      0 |      0 |      0 |   1 |  402.0 |
         Trove |    108 |    108 |      0 |      0 |      6 |   1 |  108.0 |
      Ice Cave |   1057 |   1057 |      0 |    214 |    191 |   1 | 1057.0 |
               +--------+--------+--------+--------+--------+-----+--------+

Top non-repeatable levels by time:
Spider:1: 2702 daAuts
Shoals:4: 2257 daAuts
Spider:4: 2189 daAuts
Shoals:1: 1808 daAuts
Shoals:3: 1745 daAuts
 Slime:4: 1734 daAuts
     D:8: 1708 daAuts
Spider:2: 1629 daAuts
   Orc:2: 1564 daAuts
  Lair:4: 1557 daAuts
  Lair:2: 1533 daAuts
    D:12: 1475 daAuts
 Slime:5: 1459 daAuts
    D:11: 1415 daAuts
     D:6: 1394 daAuts
